 Dungeon Crawl Stone Soup version 0.29-a0-847-g24c0ca63c9 (webtiles) character file.

Game seed: 4277770376261984149

375 Malachi the Shooter (level 6, -9/46 HPs)
             Began as a Barachi Hunter on July 16, 2022.
             Killed from afar by Edmund (14 damage)
             ... with a bolt of light
             ... on level 4 of the Dungeon.
             The game lasted 00:07:29 (4961 turns).

Malachi the Shooter (Barachi Hunter)                Turns: 4961, Time: 00:07:30

Health: -9/46      AC:  3    Str: 13    XL:     6   Next: 73%
Magic:  6/6        EV: 12    Int:  9    God:
Gold:   270        SH:  0    Dex: 17    Spells: 5/5 levels left

rFire   . . .      SeeInvis .   a - +0 shortbow
rCold   . . .      Faith    .   (shield currently unavailable)
rNeg    . . .      Spirit   .   c - +0 leather armour
rPois   .          Reflect  .   (no helmet)
rElec   .          Harm     .   (no cloak)
rCorr   .          Rampage  .   (no gloves)
Will    .....                   (no boots)
Stlth   +.........              (no amulet)
HPRegen 0.15/turn               (no ring)
MPRegen 0.10/turn               (no ring)

@: confused, unable to hop, slow
A: amphibious, slowness 1, strong legs 1, +LOS
a: Hop


You were on level 4 of the Dungeon.
You visited 2 branches of the dungeon, and saw 5 of its levels.
You also visited: Sewer.

You collected 270 gold pieces.

Inventory:

Hand Weapons
 a - a +0 shortbow (weapon)
 g - a +3 spear
Missiles
 l - 23 poisoned darts
Armour
 c - a +0 leather armour (worn)
Jewellery
 r - an amulet of faith
Scrolls
 b - 3 scrolls of immolation
 e - a scroll of amnesia
 f - 2 scrolls of vulnerability
 m - 7 scrolls of fog
 n - 2 scrolls of fear
 o - 2 scrolls of enchant armour
 p - 4 scrolls of teleportation
 u - a scroll of enchant weapon {unknown}
 x - a scroll of brand weapon {unknown}
 y - a scroll of blinking {unknown}
Potions
 d - 3 potions of magic {unknown}
 h - 2 potions of might {unknown}
 i - 2 potions of curing {unknown}
 j - 2 potions of haste
 q - 2 potions of lignification {unknown}
 s - a potion of cancellation {unknown}
 t - a potion of brilliance {unknown}
 v - 3 potions of mutation {unknown}
 w - a potion of degeneration {unknown}


   Skills:
 - Level 2.4 Fighting
 * Level 7.8 Ranged Weapons
 - Level 0.6 Armour
 - Level 2.1 Dodging
 - Level 0.8 Stealth


You had 5 spell levels left.
You didn't know any spells.
Your spell library contained the following spells:

 Spells                   Type           Power      Damage    Failure   Level
 Anguish                  Hex/Necr       0%         N/A       99%         4
 Enfeeble                 Hex            0%         N/A       100%        7


Dungeon Overview and Level Annotations

Branches:
Dungeon (4/15)             Temple (1/1) D:4           Sewer (visited)

Altars:
Ashenzari
Elyvilon
Hepliaklqana
Nemelex Xobeh
Qazlal
Ru
Sif Muna
Trog
Uskayaw
Vehumet
Wu Jian
Xom
Yredelemnul
The Shining One

Annotations:
D:4 Edmund


Innate Abilities, Weirdness & Mutations

You are amphibious.
You cover ground slowly.
You can hop short distances.
You have an extended range of vision and can be seen from far away.


Message History

You shoot an arrow. The arrow hits the quokka.
You kill the quokka!
The ufetubus hits you but does no damage.
The ufetubus barely misses you.
You shoot an arrow. The arrow closely misses the ufetubus.
The arrow completely misses Edmund.
The ufetubus closely misses you.
The ufetubus barely misses you. x2; The ufetubus misses you.
You shoot an arrow.
The arrow hits the ufetubus but does no damage.
The ufetubus misses you. The ufetubus barely misses you.
You shoot an arrow. The arrow closely misses the ufetubus.
The arrow barely misses Edmund.
The ufetubus barely misses you. x2
The ufetubus hits you. x2
You shoot an arrow.
The arrow hits the ufetubus but does no damage.
The ufetubus barely misses you. The ufetubus completely misses you.
Edmund zaps a wand.
The bolt of light hits the ufetubus!
The ufetubus dies!
The bolt of light hits you!
You are confused.
You are too confused!
Unknown command.
You are too confused!
Unknown command.
You are too confused!
Unknown command.
Non-targeted confused fire: a) +0 shortbow
Press: ? - help, Q - select action, (/) - cycle Dir - look around, f - activate You shoot an arrow.
Unknown command.
You are too confused!
You feel less confused.
Hop to where?
Press: ? - help, Dir - move target Boing!
Edmund zaps a wand.
The bolt of light hits you!
* * * LOW HITPOINT WARNING * * *
Edmund zaps a wand.
The bolt of light misses you.
Edmund zaps a wand.
The bolt of light hits you!
You are confused.
You die...

...........# ####...#.#####
###†#r..h.# ##.#####r#
#.@.####.# ##### #.#......#
##...# ###...####.#
#....#######....## #.#
##...<.@...@.....# #r#
#....########.#### #.#
#..#............# #.# #..
#.####.##.#..######.# ...
##.# #>..###........# ###.
#..#######.#..######.#
#.#####....######.#.# #.#
#.................#.# #.#
#...###.##.########.######.#


You could see Edmund.

Vanquished Creatures
  3 kobold brigands (Sewer)
  An orc wizard (D:3)
  5 adders
  3 worms
  2 orcs (D:4)
  7 ball pythons
  6 endoplasms
  12 giant cockroaches
  7 goblins
  11 hobgoblins
  2 jackals
  8 quokkas
  6 bats
  5 frilled lizards
  5 kobolds
  10 rats
93 creatures vanquished.

Vanquished Creatures (others)
  An ufetubus (D:4)
1 creature vanquished.

Grand Total: 94 creatures vanquished

Notes
Turn   | Place    | Note
-------+----------+-------------------------------------------
     0 | D:1      | Malachi the Barachi Hunter began the quest for the Orb.
     0 | D:1      | Reached XP level 1. HP: 17/17 MP: 1/1
   262 | D:1      | Reached XP level 2. HP: 17/23 MP: 2/2
  1133 | D:2      | Reached XP level 3. HP: 26/28 MP: 3/3
  1163 | D:2      | Found a shimmering blue altar of Sif Muna.
  1194 | D:2      | Found a faded altar of an unknown god.
  1245 | D:2      | Reached skill level 5 in Ranged Weapons
  2007 | D:3      | Found a glowing drain.
  2009 | D:3      | Reached XP level 4. HP: 33/34 MP: 4/4
  2042 | Sewer    | Entered a sewer
  2388 | Sewer    | Noticed a kobold brigand
  2388 | Sewer    | Noticed a kobold brigand
  2406 | Sewer    | Killed a kobold brigand
  2407 | Sewer    | Reached skill level 6 in Ranged Weapons
  2407 | Sewer    | Reached XP level 5. HP: 26/39 MP: 5/5
  2591 | Sewer    | Killed a kobold brigand
  2836 | Sewer    | Reached skill level 7 in Ranged Weapons
  2836 | Sewer    | Reached XP level 6. HP: 46/46 MP: 6/6
  3328 | D:3      | Identified the +2 dagger "Gram" {drain, Fly rF++}
  3927 | D:4      | Found a sparkling altar of Nemelex Xobeh.
  4080 | D:4      | Found a staircase to the Ecumenical Temple.
  4085 | Temple   | Entered the Ecumenical Temple
  4311 | D:4      | Noticed Edmund
  4961 | D:4      | Killed from afar by Edmund

Illustrated notes

Levels and vault maps discovered:
D:1:      minmay_arrival_stone_box, layout_loops_ring, serial_forest,
          infiniplex_forest_end_1, infiniplex_forest_clump_small,
          infiniplex_forest_straight_2, infiniplex_forest_clump_diagonal,
          infiniplex_forest_clump_small, infiniplex_forest_lined_corner,
          infiniplex_forest_lined_2, infiniplex_forest_clump_cross,
          infiniplex_forest_lined_room_2
D:2:      layout_basic, ebering_ecumenical_altar_rust, basic_altar,
          grunt_ministairs_13
D:3:      layout_basic, gup_sewer_entry_pipe
D:4:      layout_loops_ring, mainiacjoe_overflow_cross_hatched,
          makhleb_blood_cavern_becter, minmay_temple_entry_butterflies,
          minmay_goblin_kobold_house, uniq_edmund
Temple:   nicolae_temple_no_exploring_needed

Skill      XL: |  1  2  3  4  5 |
---------------+----------------+-----
Ranged Weapons | 5 6 7 |  7.8
Fighting       | |  2.4
Armour         | |  0.6
Dodging        | |  2.1
Stealth        | |  0.8

Action                   |  1- 3 |  4- 6 || total
-------------------------+-------+-------++-------
Melee: Spear             |     1 |     3 ||     4
 Fire: Shortbow          |   132 |   189 ||   321
 Abil: Hop               |     3 |     2 ||     5
  Use: Scroll            |     1 |     5 ||     6
       Potion            |       |     1 ||     1
Armor: Leather armour    |    18 |    18 ||    36
Dodge: Dodged            |    39 |    85 ||   124

Table legend: (Time is in decaauts)
 A = Elapsed time spent in this place.
 B = Non-inter-level travel time spent in this place.
 C = Inter-level travel time spent in this place.
 D = Time resting spent in this place.
 E = Time spent auto-exploring this place.
 F = Levels seen in this place.
 G = Mean time per level.
                   A        B        C        D        E       F      G
               +--------+--------+--------+--------+--------+-----+--------+
         Total |   5502 |   5322 |    180 |   1295 |   3226 |   6 |  917.0 |
       Dungeon |   4397 |   4217 |    180 |    635 |   2957 |   4 | 1099.2 |
        Temple |      1 |      1 |      0 |      0 |      0 |   1 |    1.0 |
         Sewer |   1103 |   1103 |      0 |    660 |    268 |   1 | 1103.0 |
               +--------+--------+--------+--------+--------+-----+--------+

Top non-repeatable levels by time:
     D:3: 1527 daAuts
     D:1: 1172 daAuts
   Sewer: 1103 daAuts
     D:2: 1090 daAuts
     D:4: 606 daAuts
  Temple: 1 daAuts
